[Event "Team 45 45 League T47"]
[Site "Internet Chess Club"]
[Date "2010.12.11"]
[Round "6"]
[White "Boromir"]
[Black "OpenMind"]
[Result "0-1"]
[WhiteElo "1949"]
[BlackElo "1955"]
[Opening "Nimzovich-Larsen attack: classical variation"]
[ECO "A01"]
[Time "10:01:22"]
[TimeControl "2700+45"]

1. b3 d5 2. Bb2 Bg4 3. Nf3 Bxf3 4. exf3 c5 5. d4 e6 6. Bb5+ Nc6 7. O-O Nf6 8. c3
Bd6 9. Na3 O-O 10. Nc2 Rc8 11. Rc1 Qb6 12. Bd3 c4 {White resigns} 0-1

[Event "Team 45 45 League T47"]
[Site "Internet Chess Club"]
[Date "2010.12.12"]
[Round "6"]
[White "Kodos"]
[Black "alexping"]
[Result "1/2-1/2"]
[WhiteElo "1992"]
[BlackElo "1991"]
[Opening "French: advance, Paulsen attack"]
[ECO "C02"]
[Time "12:28:20"]
[TimeControl "2700+45"]

1. e4 e6 2. d4 d5 3. e5 c5 4. c3 Nc6 5. Nf3 Qb6 6. a3 cxd4 7. cxd4 Nge7 8. b4
Nf5 9. Bb2 a6 10. Bd3 Be7 11. Bxf5 exf5 12. Nc3 Be6 13. O-O O-O 14. h4 Qd8 15.
g3 a5 16. b5 Na7 17. Qe2 Nc8 18. Na4 Nb6 19. Nxb6 Qxb6 20. a4 Rfc8 21. Rfc1 h6
22. Qe3 Qd8 23. Rxc8 Rxc8 24. Rc1 Rc4 25. Rxc4 dxc4 26. Bc3 Bb4 27. Ne1 f4 28.
Qd2 Bxc3 29. Qxc3 b6 30. Ng2 fxg3 31. fxg3 Qe7 32. Ne3 Qb4 33. Qc1 c3 34. d5 Qb2
35. Qd1 Bd7 36. e6 fxe6 37. dxe6 Bxe6 38. Qd8+ Kh7 39. Qd3+ g6 40. h5 Qc1+ 41.
Nf1 Bf7 42. hxg6+ Bxg6 43. Qd7+ Kg8 44. Qd8+ Kg7 45. Qd4+ Kf7 46. Qd7+ Kf6 47.
Qd6+ Kg5 48. Qd8+ Kg4 49. Qd4+ Kg5 50. Qd8+ Kf5 51. Qd5+ Kf6 52. Qd6+ Kf7 53.
Qd7+ Kf8 54. Qd6+ Kg7 55. Qd4+ Kf7 56. Qd7+ Kf6 57. Qd6+ Kf5 58. Qd5+ {Game
drawn by mutual agreement} 1/2-1/2

[Event "Team 45 45 League T47"]
[Site "Internet Chess Club"]
[Date "2010.12.09"]
[Round "6"]
[White "Goli"]
[Black "porgue"]
[Result "0-1"]
[WhiteElo "1787"]
[BlackElo "1735"]
[Opening "Ruy Lopez: closed"]
[ECO "C90"]
[Time "16:03:22"]
[TimeControl "2700+45"]

1. e4 e5 2. Nf3 Nc6 3. Bb5 a6 4. Ba4 Nf6 5. O-O Be7 6. Re1 b5 7. Bb3 d6 8. h3
Na5 9. c3 Nxb3 10. Qxb3 O-O 11. d4 exd4 12. cxd4 c5 13. e5 dxe5 14. dxe5 Nd5 15.
Rd1 c4 16. Qc2 Nb4 17. Qe2 Qc7 18. Nc3 Bf5 19. Nd5 Nxd5 20. Rxd5 Bd3 21. Qe1 Qc6
22. Rd4 Rad8 23. Rg4 f5 24. exf6 Bxf6 25. Bg5 Rde8 26. Qc1 Re2 27. Bxf6 Qxf6 28.
b3 Qb6 29. Qg5 g6 30. Qh4 c3 31. Rd4 Bf5 32. a4 bxa4 33. Rdxa4 c2 34. Ng5 Re7
35. Qc4+ Kg7 36. Rxa6 Qd8 37. Qh4 h6 38. Ra7 c1=Q+ 39. Rxc1 Rxa7 40. g4 Qxg5 41.
Qxg5 hxg5 42. gxf5 gxf5 {White resigns} 0-1

[Event "Team 45 45 League T47"]
[Site "Internet Chess Club"]
[Date "2010.12.12"]
[Round "6"]
[White "GadsHill"]
[Black "trickey1872"]
[Result "0-1"]
[WhiteElo "1473"]
[BlackElo "1590"]
[Opening "Budapest: Adler variation"]
[ECO "A52"]
[Time "15:00:58"]
[TimeControl "2700+45"]

1. d4 Nf6 2. c4 e5 3. dxe5 Ng4 4. Nf3 Nc6 5. Bg5 Be7 6. Bxe7 Qxe7 7. Nc3 O-O 8.
Nd5 Qc5 9. e3 d6 10. Nxc7 Qa5+ 11. Qd2 Qxc7 12. exd6 Qd7 13. Be2 Nf6 14. c5 Ne4
15. Qc2 Qf5 16. Rc1 Nb4 17. Qc4 a5 18. Bd3 Nxd6 19. Bxf5 Nxc4 20. Bxc8 Nd3+ 21.
Kd1 Nxc1 22. Kxc1 Raxc8 {White resigns} 0-1

[Event "Team 45 45 League T47"]
[Site "Internet Chess Club"]
[Date "2010.12.13"]
[Round "6"]
[White "Oscar"]
[Black "sdcohle"]
[Result "1-0"]
[WhiteElo "1512"]
[BlackElo "1427"]
[Opening "French: Rubinstein variation"]
[ECO "C10"]
[Time "22:30:19"]
[TimeControl "2700+45"]

1. e4 e6 2. d4 d5 3. Nc3 dxe4 4. Nxe4 Nc6 5. Nf3 Nf6 6. Nxf6+ Qxf6 7. Bg5 Qg6 8.
Bd3 f5 9. O-O Bd7 10. c3 Be7 11. Bf4 O-O-O 12. a4 Bd6 13. Ne5 Bxe5 14. Bxe5 Nxe5
15. dxe5 Bc6 16. f3 Rd5 17. Qe2 Rhd8 18. Rfd1 f4 19. Bxg6 Rxd1+ 20. Rxd1 hxg6
21. Rxd8+ Kxd8 22. Qd3+ Bd7 23. Qxg6 Bxa4 24. Qxe6 Bb5 25. Qg8+ Kd7 26. Qxg7+
Kc6 27. Qf6+ Kc5 28. Qxf4 c6 29. Qd4# {Black checkmated} 1-0

[Event "Team 45 45 League T47"]
[Site "Internet Chess Club"]
[Date "2010.12.10"]
[Round "6"]
[White "MateIn42"]
[Black "Skylab"]
[Result "1-0"]
[WhiteElo "1427"]
[BlackElo "1281"]
[Opening "Four knights: Scotch, 4...exd4"]
[ECO "C47"]
[Time "21:00:50"]
[TimeControl "2700+45"]

1. e4 e5 2. Nf3 Nf6 3. Nc3 Nc6 4. d4 exd4 5. Nxd4 d6 6. Bb5 Bd7 7. Bg5 Be7 8.
O-O O-O 9. Re1 a6 10. Nxc6 bxc6 11. Bd3 Bg4 12. f3 Bh5 13. e5 dxe5 14. Rxe5 Bg6
15. Bxg6 hxg6 16. Qe1 Re8 17. Rd1 Bd6 18. Bf4 Rxe5 19. Bxe5 Qe8 20. Bxd6 Qxe1+
21. Rxe1 cxd6 22. Re7 Re8 23. Ra7 Re1+ 24. Kf2 Rc1 25. Rxa6 Rxc2+ 26. Ke3 Rxb2
27. Rxc6 d5 28. Kd4 Rxg2 29. a4 Rxh2 30. a5 Rh1 31. Nb5 Rb1 32. Nd6 Rb8 33. Rc8+
Rxc8 34. Nxc8 Nd7 35. a6 f5 36. a7 g5 37. a8=Q Kh7 38. Qxd5 g4 {Black resigns}
1-0

[Event "Team 45 45 League T47"]
[Site "Internet Chess Club"]
[Date "2010.12.10"]
[Round "6"]
[White "Tyndale"]
[Black "dabodhi"]
[Result "0-1"]
[WhiteElo "1184"]
[BlackElo "1182"]
[Opening "Ruy Lopez: four knights (Tarrasch) variation"]
[ECO "C77"]
[Time "19:02:23"]
[TimeControl "2700+45"]

1. e4 e5 2. Nf3 Nc6 3. Bb5 a6 4. Ba4 Nf6 5. Nc3 b5 6. Bb3 Na5 7. Nxe5 Nxb3 8.
axb3 Bb7 9. d3 Bb4 10. O-O d5 11. Bg5 O-O 12. Bxf6 Qxf6 13. Nd7 Qg6 14. Nxf8
Bxf8 15. exd5 b4 16. Ne4 Bxd5 17. g3 f5 18. Re1 fxe4 19. c4 bxc3 20. Ra4 exd3
21. bxc3 Rb8 22. b4 Rb5 23. Re3 Bc4 24. Qe1 Rd5 25. Qd2 c5 26. Rf3 Bb5 27. Qa2
Qe4 28. Re3 Qc4 29. Re8 d2 30. Kg2 Qxa2 31. Rxa2 d1=Q 32. bxc5 {White resigns}
0-1

[Event "Team 45 45 League T47"]
[Site "Internet Chess Club"]
[Date "2010.12.11"]
[Round "6"]
[White "smsxman"]
[Black "j316chuck"]
[Result "0-1"]
[WhiteElo "1300"]
[BlackElo "1608"]
[Opening "Sicilian: Steinitz variation"]
[ECO "B20"]
[Time "14:08:09"]
[TimeControl "2700+45"]

1. e4 c5 2. g3 Nc6 3. Bg2 g6 4. Nf3 Bg7 5. Nc3 d6 6. d3 a6 7. Bd2 Nf6 8. Rb1 b5
9. O-O b4 10. Nd5 Nxd5 11. exd5 Na7 12. c4 O-O 13. a3 Bf5 14. Qe2 a5 15. axb4
axb4 16. d4 Bxb1 17. Rxb1 Qb6 18. dxc5 dxc5 19. Ne5 Qd6 20. Bf4 Qf6 21. Nd7 Qf5
22. Nxf8 Qxb1+ 23. Qf1 Qxf1+ 24. Kxf1 Kxf8 25. d6 Rd8 26. dxe7+ Kxe7 27. b3 Rd3
28. Be3 Kd6 29. Bf4+ Be5 30. Bh6 Kc7 31. Bf8 Kb6 32. Bd5 Rxb3 33. f4 Bd4 34.
Bxf7 Rb2 35. Be7 Rxh2 36. Bd8+ Kc6 37. Bd5+ Kd6 38. Bh4 b3 39. f5 gxf5 40. g4
fxg4 41. Bg3+ Be5 42. Bxh2 Bxh2 43. Be4 h5 44. Ke2 g3 45. Kd3 h4 46. Bg2 Nc6 47.
Kc3 Na5 48. Kb2 Nxc4+ 49. Kxb3 Ne3 50. Bh3 g2 51. Bxg2 Nxg2 52. Kc3 Be5+ 53. Kd3
h3 {White resigns} 0-1

[Event "Team 45 45 League T47"]
[Site "Internet Chess Club"]
[Date "2010.12.13"]
[Round "6"]
[White "kid6988"]
[Black "ars-felidae"]
[Result "0-1"]
[WhiteElo "1414"]
[BlackElo "1475"]
[Opening "Sicilian: Taimanov variation"]
[ECO "B45"]
[Time "15:00:09"]
[TimeControl "2700+45"]

1. e4 c5 2. Nf3 Nc6 3. d4 cxd4 4. Nxd4 e6 5. Nc3 Bc5 6. Be3 Nf6 7. Rb1 e5 8. Ne6
fxe6 9. Bxc5 Qa5 10. Ba3 Nxe4 11. b4 Nxc3 12. bxa5 Nxd1 13. Rxd1 Nxa5 14. Be2
Kf7 15. O-O d5 16. f4 e4 17. f5 exf5 18. Rxd5 Nc6 19. g4 Be6 20. Rb5 Rab8 21.
gxf5 Bxa2 22. Bd6 Nd4 23. Bxb8 Nxb5 24. Bxb5 Rxb8 25. Re1 a6 26. Bf1 Re8 27. Bg2
Bd5 28. Rd1 Re5 29. Bh3 e3 30. Re1 Bc4 31. Kg2 e2 32. Kf2 h5 33. Kf3 g6 34. Kf4
Rd5 35. fxg6+ Kxg6 36. Kf3 Rd1 37. Kf2 Rxe1 38. Kxe1 Kf6 39. Bc8 b6 40. Bb7 a5
41. Bf3 h4 42. Bxe2 Bxe2 43. Kxe2 Ke5 44. Kd3 b5 45. Kc3 Ke4 46. Kb3 Kf3 47. c4
bxc4+ 48. Kxc4 Kg2 49. Kd3 Kxh2 50. Kc3 Kg2 51. Kd3 h3 {White resigns} 0-1

[Event "Team 45 45 League T47"]
[Site "Internet Chess Club"]
[Date "2010.12.12"]
[Round "6"]
[White "DrOMM"]
[Black "rl154"]
[Result "1-0"]
[WhiteElo "1393"]
[BlackElo "1204"]
[Opening "Queen's pawn game"]
[ECO "A45"]
[Time "15:03:26"]
[TimeControl "2700+45"]

1. d4 Nf6 2. e3 g6 3. Bd3 d5 4. Nd2 Nc6 5. f4 Bg7 6. c3 O-O 7. Ngf3 Bg4 8. h3
Bf5 9. Bxf5 gxf5 10. Ne5 Nxe5 11. fxe5 Ne4 12. Nxe4 fxe4 13. O-O c6 14. b4 a5
15. Ba3 Qd7 16. b5 cxb5 17. Qb3 f6 18. exf6 Bxf6 19. Rab1 Bh4 20. Qd1 Kh8 21.
Qh5 Bg3 22. Qg5 Bd6 23. Bxd6 exd6 24. Qxd5 Rg8 25. Kh2 Qg7 26. Rb2 Qg3+ 27. Kh1
Qxe3 28. Rbf2 Qxc3 29. Qxd6 Qg3 30. Qd5 Rad8 31. Qxe4 Qg7 32. Rf7 Qg6 33. Qe5+
{Black resigns} 1-0

[Event "Team 45 45 League T47"]
[Site "Internet Chess Club"]
[Date "2010.12.13"]
[Round "6"]
[White "kingsleywang"]
[Black "joaoazm"]
[Result "1-0"]
[WhiteElo "1202"]
[BlackElo "1187"]
[Opening "Ruy Lopez: Cozio defense"]
[ECO "C60"]
[Time "20:04:38"]
[TimeControl "2700+45"]

1. e4 e5 2. Nf3 Nc6 3. Bb5 Nge7 4. Nc3 a6 5. Bc4 b5 6. Bb3 Nd4 7. Nxd4 exd4 8.
Ne2 c5 9. d3 f5 10. exf5 Nxf5 11. Bf4 Qf6 12. Bd5 Ra7 13. Bb8 Rb7 14. Bxb7 Bxb7
15. Rg1 Bd6 16. Bxd6 Qxd6 17. g3 O-O 18. Qd2 Qf6 19. O-O-O Bf3 20. Rde1 g5 21.
h4 h6 22. hxg5 hxg5 23. Kb1 b4 24. Nc1 a5 25. Nb3 d6 26. Nxa5 Bd5 27. b3 Ra8 28.
Nc4 Bxc4 29. dxc4 Qd8 30. a4 bxa3 31. Re2 Qf6 32. Ka2 d3 33. cxd3 Nd4 34. Qc3
Kg7 35. Rd2 Nf3 36. Qxf6+ Kxf6 37. Rdd1 Nxg1 38. Rxg1 Kg6 39. Rd1 Ra6 40. d4 Kf5
41. dxc5 dxc5 42. Rd5+ Kg4 43. Rxc5 Rf6 44. Kxa3 Rxf2 45. b4 Rf3+ 46. Ka4 Rxg3
47. b5 Re3 48. b6 Re8 49. Rb5 Kf4 50. b7 g4 51. c5 g3 52. c6 g2 53. Rb1 Kf3 54.
c7 Kf2 55. c8=Q Rxc8 56. bxc8=Q g1=Q 57. Rxg1 Kxg1 58. Qc2 Kh1 59. Kb4 Kg1 60.
Kc3 Kh1 61. Kd3 Kg1 62. Ke3 Kh1 63. Kf3 Kg1 64. Qg2# {Black checkmated} 1-0

[Event "Team 45 45 League T47"]
[Site "Internet Chess Club"]
[Date "2010.12.14"]
[Round "6"]
[White "OOB1"]
[Black "BotanicalKnight"]
[Result "1-0"]
[WhiteElo "1549"]
[BlackElo "1589"]
[Opening "Caro-Kann: advance variation"]
[ECO "B12"]
[Time "21:08:20"]
[TimeControl "2700+45"]

1. e4 c6 2. d4 d5 3. e5 Na6 4. a3 Nc7 5. Bd3 g6 6. Be3 Bg7 7. Qd2 h5 8. h3 c5 9.
c3 c4 10. Bc2 b5 11. a4 a6 12. axb5 axb5 13. Rxa8 Nxa8 14. Na3 Qb6 15. Ne2 Bh6
16. Nf4 Nc7 17. O-O e6 18. Rb1 Ne7 19. Qd1 Kf8 20. Qf3 Kg7 21. h4 Bd7 22. Nh3
Bxe3 23. Qf6+ Kg8 24. fxe3 Nf5 25. Rf1 Ne8 26. Qg5 b4 27. cxb4 Qxb4 28. Bxf5
exf5 29. Qd8 Qb7 30. Ng5 Qc7 31. Qe7 Be6 32. Qxe8+ Kg7 33. Nxe6+ fxe6 34. Qxe6
Rf8 35. Qxd5 c3 36. Nb5 Qb6 37. bxc3 Rd8 38. Nd6 Qc7 39. c4 Qe7 40. g3 Rd7 41.
c5 {Black resigns} 1-0

[Event "Team 45 45 League T47"]
[Site "Internet Chess Club"]
[Date "2010.12.09"]
[Round "6"]
[White "JohLeb"]
[Black "BaumDeezy"]
[Result "0-1"]
[WhiteElo "1303"]
[BlackElo "1439"]
[Opening "King's Indian: Sämisch variation"]
[ECO "E80"]
[Time "14:34:34"]
[TimeControl "2700+45"]

1. d4 Nf6 2. c4 g6 3. Nc3 Bg7 4. e4 d6 5. f3 Nfd7 6. Be3 e5 7. d5 a5 8. Bd3 Na6
9. a3 Nac5 10. Bc2 O-O 11. Nge2 a4 12. Nxa4 Nxa4 13. Bxa4 f5 14. O-O Nf6 15. Bc2
f4 16. Bf2 g5 17. g4 h5 18. h3 Kf7 19. Kh2 Rh8 20. Ng1 hxg4 21. fxg4 Bxg4 22.
Qd3 f3 23. Bd1 Rxh3+ 24. Nxh3 Qh8 25. Bxf3 Qxh3+ 26. Kg1 Bxf3 {White resigns}
0-1

[Event "Team 45 45 League T47"]
[Site "Internet Chess Club"]
[Date "2010.12.13"]
[Round "6"]
[White "katabatico"]
[Black "Burbia"]
[Result "0-1"]
[WhiteElo "1339"]
[BlackElo "1404"]
[Opening "French: advance, Paulsen attack"]
[ECO "C02"]
[Time "13:00:16"]
[TimeControl "2700+45"]

1. e4 e6 2. d4 d5 3. e5 c5 4. c3 Nc6 5. Nf3 Qb6 6. a3 Nh6 7. b4 cxd4 8. cxd4 Nf5
9. Bb2 Be7 10. g4 Nh4 11. Nxh4 Bxh4 12. Qd3 Bd7 13. Qb5 Qc7 14. Qd3 O-O 15. Nd2
f6 16. Nf3 Bg5 17. Nxg5 fxg5 18. h4 Qd8 19. hxg5 g6 20. Bc1 a6 21. Be2 Qb6 22.
Be3 Na7 23. Bd1 Bb5 24. Qb1 Rac8 25. Bc2 Kg7 26. Rh6 Be8 27. f4 Qc6 28. Qb2 Qxc2
29. Qxc2 Rxc2 30. Kd1 Ba4 31. Ke1 Rfc8 32. Bd2 Nb5 33. Ke2 Nxd4+ 34. Kd3 Nb3 35.
Rah1 Rxd2+ 36. Ke3 Rh8 37. Rb1 Rc8 38. Rxb3 Bxb3 39. Kxd2 Rc4 40. Ke3 Re4+ 41.
Kf3 Bd1+ 42. Kg3 Re3+ 43. Kf2 Rxa3 44. Rh1 Ba4 45. Rc1 Bc6 46. Ke2 Rb3 {White
resigns} 0-1

[Event "Team 45 45 League T47"]
[Site "Internet Chess Club"]
[Date "2010.12.12"]
[Round "6"]
[White "rahulr"]
[Black "SCUGrad"]
[Result "1-0"]
[WhiteElo "1578"]
[BlackElo "1479"]
[Opening "Scotch gambit"]
[ECO "C50"]
[Time "19:56:28"]
[TimeControl "2700+45"]

1. e4 e5 2. Nf3 Nc6 3. Bc4 Bc5 4. d4 exd4 5. Ng5 Ne5 6. Bxf7+ Nxf7 7. Nxf7 Kxf7
8. Qh5+ Kf8 9. Qxc5+ d6 10. Qxd4 Qf6 11. Be3 Qxd4 12. Bxd4 Ne7 13. Nd2 Kf7 14.
O-O-O Nc6 15. Bc3 Rf8 16. Nf3 Kg8 17. Rd5 Bg4 18. Rg5 Rf4 19. Rxg7+ Kf8 20. Ng5
Ne5 21. Rxh7 Re8 22. f3 Bc8 23. g3 {Black resigns} 1-0

[Event "Team 45 45 League T47"]
[Site "Internet Chess Club"]
[Date "2010.12.14"]
[Round "6"]
[White "AlPearson"]
[Black "houseofcook"]
[Result "1-0"]
[WhiteElo "1391"]
[BlackElo "1382"]
[Opening "English, 1...Nf6 (Anglo-Indian defense)"]
[ECO "A15"]
[Time "13:05:44"]
[TimeControl "2700+45"]

1. c4 Nf6 2. g3 e6 3. Bg2 d5 4. cxd5 exd5 5. d4 c6 6. Nf3 Bf5 7. O-O Be7 8. Nc3
O-O 9. a4 a5 10. b3 Na6 11. Ba3 Nb4 12. Qd2 Re8 13. e3 Ne4 14. Nxe4 Bxe4 15.
Rfc1 Bd6 16. Ne1 Bxg2 17. Kxg2 Bf8 18. Nd3 Nxd3 19. Qxd3 Bxa3 20. Rxa3 Qd6 21.
Ra2 Qb4 22. Rac2 Re7 23. Rc5 Qb6 24. h4 Rae8 25. h5 h6 26. R5c3 Re6 27. Qf5 Qd8
28. Re1 Rf6 29. Qh3 Rfe6 30. f4 Re4 31. Qf5 Qc8 32. Qh3 Qxh3+ 33. Kxh3 f5 34.
Kg2 R8e6 35. Kf2 Kf7 36. Rb1 g6 37. hxg6+ Kxg6 38. b4 axb4 39. Rxb4 Re7 40. Rcb3
b5 41. axb5 cxb5 42. Rxb5 Rd7 43. Rb6+ Kh5 44. Rf6 Kg4 45. Rxh6 Ree7 46. Rh4#
{Black checkmated} 1-0

[Event "Team 45 45 League T47"]
[Site "Internet Chess Club"]
[Date "2010.12.13"]
[Round "6"]
[White "blizzard13"]
[Black "TheronUAL"]
[Result "1-0"]
[WhiteElo "1447"]
[BlackElo "1395"]
[Opening "Caro-Kann: Steinitz variation"]
[ECO "B17"]
[Time "10:06:01"]
[TimeControl "2700+45"]

1. e4 c6 2. d4 d5 3. Nc3 dxe4 4. Nxe4 Nd7 5. Nf3 Ngf6 6. Nxf6+ Nxf6 7. Bc4 Bg4
8. Bxf7+ Kxf7 9. Ne5+ Ke8 10. Nxg4 Nxg4 11. Qxg4 Qd5 12. O-O Rd8 13. c3 Rd6 14.
Bf4 Rg6 15. Qc8+ Kf7 16. g3 h5 17. Rae1 h4 18. Rxe7+ Bxe7 19. Qxh8 Qf3 20. Re1
Qxf4 21. Qc8 Qf6 22. Qxb7 h3 23. Re4 Rg5 24. Qxa7 Rf5 25. Re2 Rf3 26. Qd7 Rd3
27. Rxe7+ Qxe7 28. Qf5+ Ke8 29. Qxd3 Qe1+ 30. Qf1 Qe6 31. Qd1 Qd5 32. f3 Qg5 33.
f4 Qd5 34. Qe2+ Kf8 35. b3 Qa5 36. Qe6 Qxc3 37. Qc8+ Kf7 38. Qd7+ Kf8 39. Qd6+
Ke8 40. Qe5+ Kf8 41. Qc5+ Qxc5 42. dxc5 Ke7 43. Kf2 Ke6 44. Ke3 Kd5 45. b4 g6
46. g4 Kc4 47. a3 Kb3 48. b5 cxb5 49. c6 {Black resigns} 1-0

[Event "Team 45 45 League T47"]
[Site "Internet Chess Club"]
[Date "2010.12.12"]
[Round "6"]
[White "AtomicDog"]
[Black "RickLR"]
[Result "1/2-1/2"]
[WhiteElo "1610"]
[BlackElo "1294"]
[Opening "Ruy Lopez: Cozio defense"]
[ECO "C60"]
[Time "10:00:24"]
[TimeControl "2700+45"]

1. e4 e5 2. Nf3 Nc6 3. Bb5 Nge7 4. O-O d6 5. d4 exd4 6. Nxd4 Bd7 7. Nc3 Nxd4 8.
Qxd4 Bxb5 9. Nxb5 a6 10. Nc3 Nc6 11. Qd1 Be7 12. Be3 O-O 13. f4 Re8 14. Qf3 Bf6
15. e5 dxe5 16. Ne4 Nd4 17. Nxf6+ Qxf6 18. Bxd4 exd4 19. Rae1 c6 20. g3 Re7 21.
Re4 Rae8 22. Rfe1 Qd6 23. Qd3 Kf8 24. Rxe7 Rxe7 25. Rxe7 Kxe7 26. Qxh7 Qc5 27.
Qd3 Qd5 28. b3 b5 29. c4 bxc4 30. bxc4 Qd6 31. Kf2 c5 32. Qe4+ Qe6 33. Kf3 f5
34. Qd3 Qc6+ 35. Kf2 Qe4 36. Qb3 d3 37. Qb2 Kf7 38. Qe5 Qxc4 39. Qxf5+ Kg8 40.
Qc8+ Kh7 41. Qh3+ Kg6 42. Qg4+ Kf7 43. Qd7+ Kg6 44. Qg4+ {Game drawn by mutual
agreement} 1/2-1/2

[Event "Team 45 45 League T47"]
[Site "Internet Chess Club"]
[Date "2010.12.12"]
[Round "6"]
[White "baseball613"]
[Black "SeniorCitizen"]
[Result "1-0"]
[WhiteElo "1411"]
[BlackElo "1275"]
[Opening "Queen's bishop game"]
[ECO "D02"]
[Time "09:30:58"]
[TimeControl "2700+45"]

1. d4 d5 2. Nf3 Nf6 3. Bf4 Bf5 4. e3 e6 5. c4 Bxb1 6. Rxb1 Bb4+ 7. Ke2 c6 8. Qb3
Qb6 9. a3 Be7 10. Qxb6 axb6 11. cxd5 Nxd5 12. Bg3 O-O 13. Rc1 Nd7 14. Kd2 N7f6
15. Bd3 c5 16. h3 Nd7 17. Rc2 Bf6 18. dxc5 Nxc5 19. Bd6 Nb3+ 20. Ke2 Rfc8 21.
Bc4 Na5 22. Bd3 Rxc2+ 23. Bxc2 Bxb2 24. a4 Nc6 25. Rb1 Nc3+ 26. Kd2 Nxb1+ 27.
Bxb1 Rd8 28. Kc2 Rxd6 29. Kxb2 h6 30. Kb3 Rd5 31. Be4 Rd1 32. Kc4 Rc1+ 33. Kb5
Rc5+ 34. Kxb6 Rc4 35. Bxc6 bxc6 36. a5 Ra4 37. a6 c5 38. a7 c4 39. Kb7 c3 40.
Ne1 Rb4+ 41. Ka6 Ra4+ 42. Kb6 Kf8 43. Kb7 Rb4+ 44. Ka6 Ra4+ 45. Kb7 Ke7 46. a8=Q
Rxa8 47. Kxa8 Kd6 48. Ka7 g6 49. Kb6 f5 50. Kb5 Kd5 51. Kb4 e5 52. Kxc3 g5 53.
Kd3 h5 54. Nf3 e4+ 55. Ke2 exf3+ 56. Kxf3 Ke5 57. g4 h4 58. gxf5 Kxf5 59. e4+
Ke5 60. Kg4 Kxe4 61. Kxg5 Kf3 62. Kxh4 Kxf2 63. Kg4 {Black resigns} 1-0

[Event "Team 45 45 League T47"]
[Site "Internet Chess Club"]
[Date "2010.12.11"]
[Round "6"]
[White "Cicero"]
[Black "iceface"]
[Result "1-0"]
[WhiteElo "1364"]
[BlackElo "1327"]
[Opening "Vienna game"]
[ECO "C26"]
[Time "17:00:03"]
[TimeControl "2700+45"]

1. e4 e5 2. Nc3 Nf6 3. Bc4 Bc5 4. d3 d6 5. f4 Nc6 6. f5 Nd4 7. g4 h6 8. Nge2 Bd7
9. Nxd4 Bxd4 10. Ne2 Bc5 11. Nc3 c6 12. Bd2 g6 13. Na4 Bd4 14. c3 Bb6 15. Qb3 d5
16. exd5 cxd5 17. Bb5 Bxb5 18. Qxb5+ Qd7 19. Qxd7+ Nxd7 20. Nxb6 axb6 21. d4 e4
22. g5 h5 23. f6 b5 24. b3 Nb6 25. h4 Ra6 26. Bf4 O-O 27. Ke2 Rfa8 28. Ke3 Rxa2
29. Rxa2 Rxa2 30. Bc7 Nd7 31. Bd6 Ra6 32. Bb4 Re6 33. Ra1 Re8 34. Ra5 Re6 35.
Rxb5 Nb6 36. Ba5 Nd7 37. Rxd5 Ra6 38. Rxd7 Rxa5 39. Rxb7 Rd5 40. Kxe4 Ra5 41.
Rb8+ Kh7 42. b4 Re5+ 43. Kd3 Re3+ 44. Kc4 Rxc3+ 45. Kb5 Rc5+ 46. Ka4 Ra5+ 47.
Kb3 Ra3+ 48. Kc4 Rc3+ 49. Kb5 Rc5+ 50. Ka6 Ra5+ 51. Kb7 Rb5+ 52. Kc7 Rc5+ 53.
Kd7 Rd5+ 54. Ke7 Re5+ 55. Kf8 Rd5 56. Rb7 Rd8+ 57. Kxf7 Rxd4 58. Ke8+ Kg8 59.
f7+ {Black resigns} 1-0

[Event "Team 45 45 League T47"]
[Site "Internet Chess Club"]
[Date "2010.12.09"]
[Round "6"]
[White "carolinaknight"]
[Black "lawth3"]
[Result "0-1"]
[WhiteElo "1253"]
[BlackElo "1126"]
[Opening "Caro-Kann: Tartakower (fantasy) variation"]
[ECO "B12"]
[Time "20:02:46"]
[TimeControl "2700+45"]

1. e4 c6 2. d4 d5 3. f3 Nf6 4. e5 Ng8 5. Nc3 Bf5 6. Nge2 e6 7. Ng3 Bg6 8. Be2 c5
9. Be3 cxd4 10. Bxd4 a6 11. O-O Nc6 12. a3 Nxd4 13. Qxd4 Bxc2 14. Rac1 Bg6 15.
Na4 Rc8 16. Nc3 Bc5 {White resigns} 0-1

[Event "Team 45 45 League T47"]
[Site "Internet Chess Club"]
[Date "2010.12.05"]
[Round "6"]
[White "iwin2"]
[Black "Graybeard"]
[Result "1-0"]
[WhiteElo "1101"]
[BlackElo "1122"]
[Opening "Sicilian: Grand Prix attack"]
[ECO "B23"]
[Time "19:00:20"]
[TimeControl "2700+45"]

1. e4 c5 2. Nc3 Nc6 3. f4 g6 4. Nf3 Bg7 5. Bc4 e6 6. d3 Nf6 7. O-O O-O 8. Qe1
Qe8 9. Ng5 Nd4 10. Qh4 Nh5 11. Be3 b6 12. g4 Nxc2 13. gxh5 Nxe3 14. hxg6 h6 15.
gxf7+ Rxf7 16. Nxf7 Nxf1 17. Nxh6+ Kf8 18. Rxf1 Bxh6 19. Qxh6+ Ke7 20. e5 d5 21.
Qf6+ Kd7 22. Bb5+ Kc7 23. Bxe8 Bd7 24. Bxd7 Kxd7 25. Rf3 Re8 26. h4 Rg8+ 27. Kh1
d4 28. Qf7+ {Black resigns} 1-0

[Event "Team 45 45 League T47"]
[Site "Internet Chess Club"]
[Date "2010.12.13"]
[Round "6"]
[White "The-Capitalist"]
[Black "malihini"]
[Result "1-0"]
[WhiteElo "1450"]
[BlackElo "1228"]
[Opening "Philidor: Nimzovich, Lärobok variation"]
[ECO "C41"]
[Time "20:00:53"]
[TimeControl "2700+45"]

1. e4 e5 2. Nf3 d6 3. d4 Nd7 4. Bc4 Ngf6 5. Nc3 Be7 6. Ng5 O-O 7. Bxf7+ Rxf7 8.
Ne6 Qe8 9. Nxc7 Qf8 10. Nxa8 Ne8 11. Nd5 Bh4 12. g3 Rxf2 13. gxh4 Rg2 14. Be3
Nb8 15. Qd3 Bg4 16. dxe5 Qf3 17. Nc3 Rxh2 18. Rxh2 Qg3+ 19. Rf2 Qg1+ 20. Rf1
Qg3+ 21. Bf2 Qxe5 22. Qd5+ {Black resigns} 1-0

[Event "Team 45 45 League T47"]
[Site "Internet Chess Club"]
[Date "2010.12.13"]
[Round "6"]
[White "otib2006"]
[Black "bowwrestler"]
[Result "1-0"]
[WhiteElo "1238"]
[BlackElo "1195"]
[Opening "Scandinavian: Pytel-Wade variation"]
[ECO "B01"]
[Time "16:04:32"]
[TimeControl "2700+45"]

1. e4 d5 2. exd5 Qxd5 3. Nc3 Qd6 4. Bc4 Nf6 5. Nf3 a6 6. O-O b5 7. Bd3 Bb7 8.
Re1 e6 9. b3 Nbd7 10. Bb2 Be7 11. Ne4 Bxe4 12. Bxe4 Rc8 13. Bxf6 Bxf6 14. Rc1
O-O 15. d4 Rfd8 16. Qd3 c5 17. d5 c4 18. bxc4 Rxc4 19. dxe6 Qxe6 20. Bd5 Rc3 21.
Bxe6 Rxd3 22. cxd3 fxe6 23. Rxe6 Bb2 24. Rc7 a5 25. Re7 Nf6 26. d4 Nd5 27. Rxg7+
Kf8 28. Rb7 Nc3 29. Rxh7 Kg8 30. Rbg7+ Kf8 31. Rh8+ Kxg7 32. Rxd8 Nxa2 33. Re8
b4 34. Re2 Bxd4 35. Rxa2 Bb6 36. Rb2 Kf6 37. Nd2 Ke5 38. Nc4+ Kd5 39. Nxb6+ Kc5
40. Nd7+ Kb5 41. Ne5 a4 42. Nd3 b3 43. Nc1 Kb4 44. Nxb3 axb3 45. h4 Kc3 46.
Rxb3+ Kxb3 47. h5 Kc4 48. h6 Kd5 49. h7 Ke4 50. h8=Q Kd5 51. Qe8 Kd6 52. g4 Kd5
53. g5 Kd6 54. g6 Kd5 55. g7 Kd6 56. g8=Q Kc5 57. Qd8 Kc6 58. Qc4+ Kb7 59. Qdc8+
Kb6 60. Qb4+ Ka7 61. Qbb7# {Black checkmated} 1-0

[Event "Team 45 45 League T47"]
[Site "Internet Chess Club"]
[Date "2010.12.10"]
[Round "6"]
[White "WhoHuhWhat"]
[Black "dpmdpm"]
[Result "0-1"]
[WhiteElo "1026"]
[BlackElo "1442"]
[Opening "English: symmetrical, main line with d3"]
[ECO "A38"]
[Time "18:02:28"]
[TimeControl "2700+45"]

1. c4 c5 2. g3 g6 3. Bg2 Bg7 4. Nf3 Nc6 5. Nc3 Nf6 6. O-O O-O 7. d3 b6 8. Bf4 d6
9. Qd2 Bb7 10. Bh6 e5 11. Bxg7 Kxg7 12. Ne1 Qd7 13. Nc2 Ne7 14. f3 d5 15. cxd5
Nexd5 16. Nxd5 Nxd5 17. Ne3 Nxe3 18. Qxe3 Rfe8 19. Rac1 f6 20. Rc4 Bd5 21. Rh4
g5 22. Rh3 Be6 23. g4 Bxa2 24. Qe4 Bg8 25. Qf5 Qxf5 26. gxf5 Rad8 {White
resigns} 0-1